 Dungeon Crawl Stone Soup version 0.28.0-47-ge53b351184 (webtiles) character file.

Game seed: 3212226101133259698

32 Zeld the Gusty (level 3, 0/20 HPs)
             Began as a Tengu Air Elementalist on Apr 28, 2022.
             Slain by an adder (3 damage)
             ... on level 1 of the Dungeon.
             The game lasted 00:01:22 (1076 turns).

Zeld the Gusty (Tengu Air Elementalist)             Turns: 1076, Time: 00:01:23

Health: 0/20       AC:  2    Str:  8    XL:     3   Next: 27%
Magic:  6/7        EV: 12    Int: 17    God:
Gold:   8          SH:  0    Dex: 14    Spells: 0/6 levels left

rFire   . . .      SeeInvis .   a - +2 dagger (venom)
rCold   . . .      Faith    .   (no shield)
rNeg    . . .      Spirit   .   b - +0 robe
rPois   .          Reflect  .   (helmet restricted)
rElec   .          Harm     .   (no cloak)
rCorr   .          Rampage  .   (no gloves)
Will    .....                   (boots unavailable)
Stlth   ++........              (no amulet)
HPRegen 0.06/turn               (no ring)
MPRegen 0.10/turn               (no ring)

@: lethally poisoned (0 -> -2)
A: beak, talons 3
a: no special abilities


You were on level 1 of the Dungeon.
You visited 1 branch of the dungeon, and saw 2 of its levels.

You collected 8 gold pieces.

Inventory:

Hand Weapons
 a - a +2 dagger of venom (weapon)
Armour
 b - a +0 robe (worn)
Jewellery
 d - a +4 ring of evasion
Scrolls
 e - a scroll of amnesia {unknown}
 f - a scroll of teleportation {unknown}
 g - a scroll of fog {unknown}
 h - a scroll of identify {unknown}
Potions
 c - a potion of lignification {unknown}


   Skills:
 * Level 1.0 Fighting
 + Level 0.7 Armour
 + Level 2.4 Dodging
 + Level 2.2 Stealth
 * Level 2.3 Spellcasting
 + Level 1.7 Conjurations
 * Level 4.3 Air Magic


You couldn't memorise any spells.
You knew the following spells:

 Your Spells              Type           Power      Damage    Failure   Level
a - Shock                 Conj/Air       48%        1d6       5%          1
b - Static Discharge      Conj/Air       12%        N/A       9%          2
c - Swiftness             Air            16%        N/A       10%         3

Your spell library contained the following spells:

 Spells                   Type           Power      Damage    Failure   Level
 Airstrike                Air            8%         N/A       32%         4


Dungeon Overview and Level Annotations

Branches:
Dungeon (2/15)

Altars:


Innate Abilities, Weirdness & Mutations

You have a beak for a mouth.
You have claws for feet.


Message History

The zap misses the adder.
The orc wizard mumbles some strange words.
The orc wizard flickers and vanishes!
Deactivating autopickup; reactivate with Ctrl-A.
The adder bites you.
You climb upwards.
Reactivating autopickup.
There is a stone staircase leading down here.
You miss the adder.
The adder is lightly wounded.
The adder completely misses you. The adder bites you.
You are poisoned.
The adder poisons you!
You completely miss the adder. Your peck misses the adder.
The adder is lightly wounded.
You feel sick. The adder bites you.
You are more poisoned.
The adder poisons you!
You are too injured to fight recklessly!
You miss the adder. You claw the adder. Your peck misses the adder.
The adder is heavily wounded.
You feel sick. The adder barely misses you.
You barely miss the adder. Your kick misses the adder.
The adder is heavily wounded.
* * * LOW HITPOINT WARNING * * *
You feel sick. The adder misses you. x2
You barely miss the adder. Your kick misses the adder.
Your peck misses the adder.
The adder is heavily wounded.
* * * LOW HITPOINT WARNING * * *
You feel sick. The adder misses you.
You hit the adder.
The adder is poisoned.
You claw the adder, but do no damage.
The adder is severely wounded.
* * * LOW HITPOINT WARNING * * *
You feel sick. The adder barely misses you.
You miss the adder. Your kick misses the adder.
The adder is severely wounded.
* * * LOW HITPOINT WARNING * * *
You feel sick. The adder bites you.
You die...

..............#......#...# #.#
.....................#.#.####'##
............##.......'.#.......##
...######...##.......#..........#
...# #...##.......#.##........
...# #...###..#####.#.........
...# #...# #..##....#.####...P
#### #...# ##S##.####.........
#...# #@##...######..P♣. #####
######.# #......♣ #.####.##..♣♣
#....#.##..♣. ####.#.##....
#...###... ##### ####


You could see an adder (poisoned).

Vanquished Creatures
  2 dart slugs (D:1)
  2 bats (D:1)
  An endoplasm (D:1)
  4 giant cockroaches (D:1)
  4 goblins (D:1)
  A hobgoblin (D:1)
  A quokka (D:1)
  4 frilled lizards (D:1)
  5 kobolds (D:1)
  A rat (D:1)
25 creatures vanquished.

Vanquished Creatures (others)
  2 fungi (D:1)
  A plant (D:1)
3 creatures vanquished.

Grand Total: 28 creatures vanquished

Notes
Turn   | Place    | Note
-------+----------+-------------------------------------------
     0 | D:1      | Zeld the Tengu Air Elementalist began the quest for the
                  | Orb.
     0 | D:1      | Reached XP level 1. HP: 10/10 MP: 4/4
   170 | D:1      | Reached XP level 2. HP: 11/16 MP: 0/6
   362 | D:1      | Learned a level 2 spell: Static Discharge
   619 | D:1      | Reached XP level 3. HP: 20/20 MP: 7/7
   623 | D:1      | Learned a level 3 spell: Swiftness
   627 | D:1      | Found a faded altar of an unknown god.
   682 | D:1      | Reached skill level 1 in Fighting
  1076 | D:1      | Slain by an adder

Illustrated notes

Levels and vault maps discovered:
D:1:      wander_arrival_lonely_grave, layout_basic,
          dreamdust_ecumenical_altar_grove
D:2:      layout_rooms, minmay_misc_feat_doors

Skill      XL: |  1  2  3 |
---------------+----------+-----
Fighting       | 1 |  1.0
Armour         | |  0.7
Dodging        | |  2.4
Stealth        | |  2.2
Spellcasting   | |  2.3
Conjurations   | |  1.7
Air Magic      | |  4.3

Action                   || total
-------------------------++-------
Melee: Kick              ||    11
       Unarmed           ||     1
       Dagger            ||    33
       Peck              ||     6
 Cast: Shock             ||    19
 Stab: Sleeping          ||     2
Armor: Robe              ||     8
Dodge: Dodged            ||    20
